 Dungeon Crawl Stone Soup version 0.28.0-45-g0d030f2227 (webtiles) character file.

Game seed: 11823459265931739171

709 CryoSword the Skirmisher (level 7, -2/114 HPs)
             Began as an Ogre Berserker on Apr 17, 2022.
             Was a Believer of Trog.
             Succumbed to a water moccasin's poison
             ... on level 5 of the Dungeon.
             The game lasted 00:06:01 (5599 turns).

CryoSword the Skirmisher (Ogre Berserker)           Turns: 5599, Time: 00:06:01

Health: -2/114     AC:  3    Str: 22    XL:     7   Next: 68%
Magic:  7/7        EV: 10    Int:  8    God:    Trog [**....]
Gold:   48         SH:  0    Dex: 10    Spells: 6/6 levels left

rFire   . . .      SeeInvis .   w - +0 morningstar
rCold   . . .      Faith    .   (no shield)
rNeg    . . .      Spirit   .   b - +0 animal skin
rPois   .          Reflect  .   (helmet restricted)
rElec   .          Harm     .   (no cloak)
rCorr   .          Rampage  .   (gloves unavailable)
Will    .....                   (boots unavailable)
Stlth   ..........              (no amulet)
HPRegen 0.29/turn               (no ring)
MPRegen 0.10/turn               (no ring)

@: berserking, lethally poisoned (-2 -> -19), very quick
A: large, unfitting armour, tough skin 1
a: Renounce Religion, Berserk, Trog's Hand


You were on level 5 of the Dungeon.
You worshipped Trog.
Trog was pleased with you.
You visited 1 branch of the dungeon, and saw 5 of its levels.

You collected 172 gold pieces.
You spent 124 gold pieces at shops.

Inventory:

Hand Weapons
 a - a +0 giant spiked club
   (You took it off an ogre on level 4 of the Dungeon)
 w - a +0 morningstar (weapon)
   (You took it off an orc on level 4 of the Dungeon)
Missiles
 d - 2 curare-tipped darts (quivered)
 e - 3 boomerangs of dispersal {!f}
 n - 2 boomerangs
Armour
 b - a +0 animal skin (worn)
Wands
 q - a wand of digging (5)
   (You took it off Ijyb on level 4 of the Dungeon)
Scrolls
 i - 2 scrolls of fog
 j - a scroll of amnesia {unknown}
 k - a scroll of blinking {unknown}
 l - a scroll of acquirement {unknown}
 m - 2 scrolls of identify {@r1}
Potions
 c - 3 potions of curing {@q1}
 f - 2 potions of invisibility
 g - a potion of resistance
 o - a potion of lignification {!q}
 r - a potion of attraction {unknown}
 s - a potion of heal wounds {unknown}


   Skills:
 + Level 6.7 Fighting
 * Level 5.9 Maces & Flails
 + Level 4.5 Dodging


You had 6 spell levels left.
You didn't know any spells.
Your spell library was empty.

Dungeon Overview and Level Annotations

Branches:
Dungeon (5/15)             Temple (0/1) D:4

Altars:

Shops:
D:2 ?   D:3 *   D:5 ?


Innate Abilities, Weirdness & Mutations

You are too large for most types of armour.
You have tough skin. (AC +1)


Message History

Could not explore, unopened door.
Could not explore, unopened door.
You open the door.
There is an open door here.
A black bear comes into view.
Found a plate armour.
You see here 9 gold pieces.
A black bear is nearby!
A black bear is nearby!
A black bear is nearby!
The black bear growls angrily.
The black bear closely misses you. The black bear claws you.
The black bear barely misses you.
You barely miss the black bear.
The black bear bites you but does no damage.
The black bear claws you. The black bear closely misses you.
You puncture the black bear!
The black bear bites you but does no damage.
The black bear claws you.
The black bear claws you but does no damage.
The black bear bites you but does no damage.
The black bear claws you but does no damage.
The black bear claws you.
You completely miss the black bear. The black bear bites you!
The black bear claws you but does no damage.
The black bear claws you.
You puncture the black bear! The black bear bites you.
The black bear claws you. x2
You are too injured to fight recklessly!
You are too injured to fight recklessly!
You are too injured to fight recklessly!
You are too injured to fight recklessly!
You are too injured to fight recklessly!
You are too injured to fight recklessly!
You are too injured to fight recklessly!
You are too injured to fight recklessly!
You are too injured to fight recklessly!
You are too injured to fight recklessly!
You are too injured to fight recklessly!
You are too injured to fight recklessly!
Unknown command.
You sock the black bear!
You kill the black bear!
Trog accepts your kill.
You see here a black bear corpse.
You now have enough gold to buy a scroll of teleportation on this level.
You now have 48 gold pieces (gained 9).
Your movement speed is average.
Your attack delay is about 1.2.
You see here a black bear corpse.
Could not explore, unopened door.
Could not explore, unopened door.
Could not explore, unopened door.
As you open the door, it creaks loudly!
You hear a shout! x2
You hear an angry hiss.
You hear a shout! x3
There is an open door here.
A gnoll comes into view. It is wielding a +0 whip.
A gnoll is nearby!
A gnoll is nearby!
You closely miss the gnoll.
A gnoll comes into view. It is wielding a +0 halberd.
The gnoll hits you with a +0 whip.
You barely miss the gnoll. The gnoll hits you with a +0 whip.
The gnoll barely misses you.
You barely miss the gnoll. The gnoll barely misses you.
The gnoll closely misses you.
You sock the gnoll! The gnoll hits you with a +0 whip. The gnoll misses you.
You hit the gnoll.
You kill the gnoll!
Trog accepts your kill.
The gnoll hits you from afar with a +0 halberd.
The gnoll completely misses you.
A gnoll comes into view. It is wielding a +0 halberd.
An orc comes into view. It is wielding a +0 club.
You see here a +0 whip.
You barely miss the gnoll. The gnoll barely misses you. x2
A water moccasin comes into view.
The gnoll shouts!
You sock the gnoll!
You hear a shout!
The gnoll hits you from afar with a +0 halberd!
The gnoll hits you but does no damage. The gnoll closely misses you.
You impale the gnoll!!
You kill the gnoll!
Trog accepts your kill.
The gnoll hits you from afar with a +0 halberd.
A gnoll comes into view. It is wielding a +0 halberd.
The gnoll shouts!
The water moccasin bites you but does no damage.
The gnoll misses you. The gnoll hits you with a +0 halberd.
Things that are here:
a +0 halberd; a gnoll corpse You are too injured to fight recklessly!
You are too injured to fight recklessly!
You are too injured to fight recklessly!
You are too injured to fight recklessly!
You are too injured to fight recklessly!
You are too injured to fight recklessly!
You are too injured to fight recklessly!
You are too injured to fight recklessly!
You are too injured to fight recklessly!
You are too injured to fight recklessly!
You are too injured to fight recklessly!
You are too injured to fight recklessly!
You are too injured to fight recklessly!
You are too injured to fight recklessly!
Unknown command.
The gnoll closely misses you.
You see here a +0 whip.
The water moccasin barely misses you. The water moccasin bites you.
There is an open door here.
The water moccasin closely misses you.
You see here a black bear corpse.
The water moccasin closely misses you.
A red film seems to cover your vision as you go berserk!
You feel yourself moving faster!
You feel mighty! The water moccasin bites you.
You miss the water moccasin. The water moccasin bites you.
You puncture the water moccasin! The water moccasin bites you.
The gnoll hits you from afar with a +0 halberd!
* * * LOW HITPOINT WARNING * * *
The water moccasin bites you.
* * * LOW HITPOINT WARNING * * *
You are poisoned.
The water moccasin poisons you!
You barely miss the water moccasin.
You feel very sick. The water moccasin bites you.
* * * LOW HITPOINT WARNING * * *
You closely miss the water moccasin.
You feel very sick.
The gnoll hits you from afar with a +0 halberd!
* * * LOW HITPOINT WARNING * * *
The gnoll hits you from afar with a +0 halberd.
* * * LOW HITPOINT WARNING * * *
The water moccasin bites you.
* * * LOW HITPOINT WARNING * * *
You barely miss the water moccasin.
You feel very sick.
The gnoll hits you from afar with a +0 halberd!
* * * LOW HITPOINT WARNING * * *
The water moccasin bites you.
* * * LOW HITPOINT WARNING * * *
You are more poisoned.
The water moccasin poisons you! The gnoll hits you but does no damage.
You miss the water moccasin.
* * * LOW HITPOINT WARNING * * *
You feel very sick. The water moccasin barely misses you.
The gnoll closely misses you.
You closely miss the water moccasin.
You die...

#.# #.....# #.# #.....# #.#
#.....# #.# #.....######## #.#
#####........#...# #.#
#...#.....##.#...#
#.###..?##+#####.#...############
......................[..........
#.......#..#####@#...#########.#.
####.####..# ##S##### #..∩
###........#


#gog# #### .....####.## #...# .###...##.# #...######## ## ###..#.# ###'##.......
♣ ♣##.#.# #....#....... #...# #....#....... ##..# #....#.g..... You could see a
water moccasin, 2 gnolls and an orc.

Vanquished Creatures
  A water moccasin (D:5)
  A black bear (D:5)
  An ogre (D:4)
  A hound (D:5)
  An orc priest (D:4)
  A centaur skeleton (D:5)
  An iguana (D:5)
  Ijyb (D:4)
  Natasha (thrice) (D:2)
  An orc wizard (D:5)
  A hound skeleton (D:2)
  3 gnolls
  7 adders
  2 dart slugs
  11 orcs
  4 bats
  4 endoplasms
  3 giant cockroaches
  9 goblins
  4 hobgoblins
  2 jackals (D:5)
  9 kobolds
  4 quokkas
  5 ball pythons
  2 frilled lizards
  8 rats
90 creatures vanquished.

Notes
Turn   | Place    | Note
-------+----------+-------------------------------------------
     0 | D:1      | CryoSword the Ogre Berserker began the quest for the Orb.
     0 | D:1      | Reached XP level 1. HP: 24/24 MP: 1/1
    69 | D:1      | Reached XP level 2. HP: 15/32 MP: 2/2
   744 | D:1      | Reached XP level 3. HP: 35/40 MP: 3/3
  1144 | D:2      | Noticed Natasha
  1156 | D:2      | Killed Natasha
  1157 | D:2      | Reached XP level 4. HP: 31/49 MP: 4/4
  1301 | D:2      | Reached ** piety under Trog
  1444 | D:2      | Noticed Natasha
  1451 | D:2      | Killed Natasha
  1538 | D:2      | Noticed Natasha
  1555 | D:2      | Killed Natasha
  1556 | D:2      | Reached skill level 5 in Fighting
  1556 | D:2      | Reached XP level 5. HP: 38/57 MP: 5/5
  1717 | D:2      | Found Fahala's Magic Scroll Shoppe.
  1722 | D:2      | Bought a scroll of fog for 20 gold pieces
  1722 | D:2      | Bought a scroll of identify for 20 gold pieces
  1981 | D:2      | Bought a scroll of noise for 10 gold pieces
  2360 | D:3      | Found Inunk's General Store.
  2382 | D:3      | Found a faded altar of an unknown god.
  3208 | D:3      | Bought a potion of lignification for 39 gold pieces
  3251 | D:4      | Found a staircase to the Ecumenical Temple.
  3332 | D:4      | Reached XP level 6. HP: 56/66 MP: 6/6
  3671 | D:4      | Noticed Ijyb
  3672 | D:4      | Reached skill level 5 in Maces & Flails
  3693 | D:4      | Killed Ijyb
  4341 | D:5      | Entered Level 5 of the Dungeon
  4348 | D:5      | Found Siexueb's Magic Scroll Shop.
  4422 | D:2      | Bought a scroll of immolation for 35 gold pieces
  4569 | D:5      | Reached skill level 6 in Fighting
  4808 | D:5      | Reached XP level 7. HP: 48/75 MP: 7/7
  5597 | D:5      | HP: 4/114 [water moccasin (4)]
  5598 | D:5      | HP: 1/114 [poisoned by a water moccasin]
  5599 | D:5      | Succumbed to a water moccasin's poison

Illustrated notes

Levels and vault maps discovered:
D:1:      minmay_arrival_diagonal_passages, layout_basic,
          minmay_misc_feat_cross, nrook_loot_triangle, minmay_splitting_lines,
          minmay_tetromino_t2
D:2:      layout_rooms, serial_shops, shop, minmay_misc_feat_roman,
          minmay_quantized, uniq_natasha
D:3:      layout_rooms, serial_shops, nicolae_shop_stone,
          shapermc_ecumenical_altar_ellora
D:4:      layout_basic, temple_fountains, interstate_on_off, uniq_ijyb
D:5:      cheibrodos_iron_armory, layout_basic, ashenzari_conservatory_becter,
          serial_shops, shop

Skill      XL: |  1  2  3  4  5  6 |
---------------+-------------------+-----
Maces & Flails | 3 4 5 |  5.9
Dodging        | 3 4 |  4.5
Fighting       | 5 6 |  6.7

Action                   |  1- 3 |  4- 6 |  7- 9 || total
-------------------------+-------+-------+-------++-------
Melee: Mace              |   104 |   134 |       ||   238
       Punch             |     1 |     2 |       ||     3
       Morningstar       |       |    65 |    35 ||   100
Invok: Berserk           |     1 |     8 |     2 ||    11
       Trog's Hand       |       |     3 |       ||     3
  Use: Scroll            |       |     4 |       ||     4
 Stab: Sleeping          |     1 |       |       ||     1
Armor: Animal skin       |    38 |    68 |    16 ||   122
Dodge: Dodged            |    74 |   129 |    29 ||   232
